 Dungeon Crawl Stone Soup version 0.27-a0-911-gfacc31910f (webtiles) character file.

Game seed: 932096114425035034

21 Electrofox the Magician (level 2, -3/21 HPs)
             Began as a Djinni Ice Elementalist on Apr 9, 2021.
             Slain by a gnoll
             ... wielding a +0 club
              (10 damage)
             ... on level 2 of the Dungeon.
             The game lasted 00:03:28 (1321 turns).

Electrofox the Magician (Djinni Ice Elementalist)   Turns: 1321, Time: 00:03:29

Health: -3/21      AC:  2    Str:  7    XL:     2   Next: 87%
Gold:   68         EV: 12    Int: 16    God:
                   SH:  0    Dex: 13

rFire    + + .     SeeInvis .   g - +0 short sword (speed)
rCold    x . .     Faith    .   (no shield)
rNeg     . . .     Spirit   .   a - +0 robe
rPois    ∞         Reflect  .   (no helmet)
rElec    .         Harm     .   (no cloak)
rCorr    .         Rampage  .   (no gloves)
Will     .....                  (boots unavailable)
Stlth    ++........             (no amulet)
HPRegen  0.07/turn              (no ring)
MPRegen  0.00/turn              (no ring)

@: flying
A: fire resistance 2, cold vulnerability 1, float, innate caster, hp casting,
extra vitality 1
a: no special abilities


You were on level 2 of the Dungeon.
You visited 1 branch of the dungeon, and saw 2 of its levels.

You collected 68 gold pieces.

Inventory:

Hand Weapons
 f - a +4 spear
 g - a +0 short sword of speed (weapon)
Armour
 a - a +0 robe (worn)
Magical Staves
 h - a staff of air
Jewellery
 d - an amulet of guardian spirit
 j - a ring of see invisible
Scrolls
 i - 2 scrolls of noise {unknown}
 l - a scroll of identify {unknown}
 m - a scroll of brand weapon {unknown}
Potions
 b - a potion of mutation {unknown}
 c - a potion of curing {unknown}
 e - a potion of invisibility {unknown}
 k - a potion of brilliance {unknown}


   Skills:
 + Level 1.0 Short Blades
 - Level 2.2 Dodging
 - Level 1.5 Stealth
 + Level 4.1 Spellcasting


You couldn't memorise any spells.
You knew the following spells:

 Your Spells              Type           Power      Damage    Failure   Level
a - Freeze                Ice            64%        1d8       3%          1
b - Frozen Ramparts       Ice            32%        1d5       10%         3
c - Ozocubu's Armour      Ice            16%        N/A       10%         3
d - Hailstorm             Conj/Ice       16%        3d6       30%         4
e - Summon Ice Beast      Ice/Summ       16%        N/A       30%         4
Your spell library was empty.

Dungeon Overview and Level Annotations

Branches:
Dungeon (2/15)

Altars:

Annotations:
D:2 Robin


Innate Abilities, Weirdness & Mutations

You are immune to poison.
Your flesh is very heat resistant. (rF++)
You are vulnerable to cold. (rC-)
You float through the air rather than walking.
You learn spells naturally, not from books.
Your magical power is your life essence.
You have superior vitality. (+4 HP)


Message History

There is a stone staircase leading down here.
You fly downwards.
Level annotation: Robin
There is a stone staircase leading up here.
Found a faded altar of an unknown god.
A quokka is nearby!
An ice beast comes into view.
Robin roars a battlecry!
Casting: Freeze (safe; 3% risk of failure)
Confirm with . or Enter, or press ? or * to list all spells.
Aiming: Freeze (safe; 3% risk of failure)
Press: ? - help, Shift-Dir - straight line, f - gnoll
Aim: a gnoll, wielding a +0 club You freeze the gnoll.
The gnoll is lightly wounded.
The gnoll hits you with a +0 club.
You hit the gnoll but do no damage.
The gnoll is lightly wounded.
You barely miss the gnoll.
The gnoll is lightly wounded.
The gnoll hits you with a +0 club.
Casting: Freeze (safe; 3% risk of failure)
Confirm with . or Enter, or press ? or * to list all spells.
Aiming: Freeze (safe; 3% risk of failure)
Press: ? - help, Shift-Dir - straight line, f/p - gnoll
Aim: a gnoll, wielding a +0 club (lightly wounded)
You freeze the gnoll!
The gnoll is severely wounded.
The gnoll misses you.
Robin roars a battlecry!
You hear a shout! x6
Casting: Freeze (safe; 3% risk of failure)
Confirm with . or Enter, or press ? or * to list all spells.
Aiming: Freeze (safe; 3% risk of failure)
Press: ? - help, Shift-Dir - straight line, f/p - gnoll
Aim: a gnoll, wielding a +0 club (severely wounded)
You freeze the gnoll.
The gnoll is severely wounded.
The gnoll hits you with a +0 club!
You die...

#.........# #####.........#
#...#..<......# #............#
#.. #.........#### ..
###.#.##..## . ##.#..#...##
#..#.......#####
#..........g@..#########
#..##....g.###....<....## #..
#......# #########..##### [..
##......##### #####...#.g
.#..........g#...####.?.....#..
#....##.....................gggg
#.. #.....#...............#g..
....................###...
.######....####g...........


You could see Robin and a gnoll.

Vanquished Creatures
  A gnoll (D:1)
  A ball python (D:1)
  A giant cockroach (D:1)
  4 goblins (D:1)
  2 jackals (D:1)
  A kobold (D:1)
  A rat (D:1)
11 creatures vanquished.

Notes
Turn   | Place    | Note
-------+----------+-------------------------------------------
     0 | D:1      | Electrofox the Djinni Ice Elementalist began the quest for
                  | the Orb.
     0 | D:1      | Reached XP level 1. HP: 15/15 MP: 0/0
   381 | D:1      | You are sucked into a shaft and drop 1 floor!
   382 | D:2      | Noticed Robin
   716 | D:1      | Reached XP level 2. HP: 20/21 MP: 0/0
   799 | D:1      | Reached skill level 4 in Spellcasting
  1104 | D:1      | Reached skill level 1 in Short Blades
  1293 | D:2      | Found a faded altar of an unknown god.
  1301 | D:2      | Noticed an ice beast
  1321 | D:2      | Slain by a gnoll

Illustrated notes

Levels and vault maps discovered:
D:1:      tarquinn_simple_flora_water_c, layout_basic
D:2:      layout_rooms, basic_ecumenical_altar, item_on_display_a, uniq_robin

Skill      XL: |  1  2 |
---------------+-------+-----
Spellcasting   | 4 |  4.1
Short Blades   | 1 |  1.0
Dodging        | |  2.2
Stealth        | |  1.5

Action                   || total
-------------------------++-------
Melee: Unarmed           ||    10
       Short sword       ||     2
 Cast: Freeze            ||    19
Armor: Robe              ||     5
Dodge: Dodged            ||    19

Table legend: (Time is in decaauts)
 A = Elapsed time spent in this place.
 B = Non-inter-level travel time spent in this place.
 C = Inter-level travel time spent in this place.
 D = Time resting spent in this place.
 E = Time spent auto-exploring this place.
 F = Levels seen in this place.
 G = Mean time per level.
                   A        B        C        D        E       F      G
               +--------+--------+--------+--------+--------+-----+--------+
         Total |   1322 |   1230 |     92 |      0 |   1028 |   2 |  661.0 |
       Dungeon |   1322 |   1230 |     92 |      0 |   1028 |   2 |  661.0 |
               +--------+--------+--------+--------+--------+-----+--------+

Top non-repeatable levels by time:
     D:1: 1231 daAuts
     D:2: 91 daAuts
